 Seeded DCSS version 0.30-a0-476-g330ca2eb8e (webtiles) character file.

Game seed: 16792993399291170163 (custom seed)

2733 purpskrrrp the Thaumaturge (level 9, -2/67 HPs)
             Began as a Deep Elf Air Elementalist on Dec 22, 2022.
             Was an Initiate of Vehumet.
             Slain by a water moccasin (4 damage)
             ... on level 8 of the Dungeon.
             The game lasted 00:24:11 (10252 turns).

purpskrrrp the Thaumaturge (DEAE)                  Turns: 10252, Time: 00:24:12

Health: -2/67      AC:  6    Str:  9    XL:     9   Next: 40%
Magic:  0/26       EV: 12    Int: 31    God:    Vehumet [......]
Gold:   385        SH:  0    Dex: 15    Spells: 25/31 levels left

rFire   . . .      SeeInvis .    x - +3 mace (holy)
rCold   . . .      Faith    .    (no shield)
rNeg    . . .      Spirit   +    a - +0 robe
rPois   .          Reflect  .    u - +1 helmet
rElec   .          Harm     .    (no cloak)
rCorr   .          Rampage  .    (no gloves)
Will    .....                    s - +1 pair of boots "Yfeilaj" {Str+4}
Stlth   ..........               l - amulet of guardian spirit
HPRegen 0.31/turn                j - +6 ring of intelligence
MPRegen 0.20/turn                r - ring of wizardry

@: berserking, lethally poisoned (-2 -> -20), about to teleport, very quick
A: no striking features
a: Renounce Religion


You were on level 8 of the Dungeon.
You worshipped Vehumet.
Vehumet was noncommittal.
You visited 2 branches of the dungeon, and saw 9 of its levels.
You also visited: Bailey.

You collected 385 gold pieces.

Inventory:

Hand Weapons
 k - a +1 broad axe of electrocution
 x - a +3 mace of holy wrath (weapon)
Armour
 a - a +0 robe (worn)
 s - the +1 pair of boots "Yfeilaj" (worn) {Str+4}
   (You acquired it on level 3 of the Dungeon)

   Str:       It affects your strength (+4).
 u - a +1 helmet (worn)
Jewellery
 c - a ring of resist corrosion
 f - a ring of ice
 j - a +6 ring of intelligence (left hand)
 l - an amulet of guardian spirit (around neck)
 r - a ring of wizardry (right hand)
 t - a +6 ring of strength
Wands
 d - a wand of iceblast (15)
 y - a wand of flame (27)
Scrolls
 e - a scroll of noise
 g - a scroll of vulnerability
 i - 2 scrolls of teleportation
 m - 3 scrolls of poison
 o - a scroll of amnesia
 q - a scroll of magic mapping
 v - a scroll of immolation
Potions
 b - a potion of flight
 h - a potion of might
 n - a potion of heal wounds {unknown}
 w - a potion of attraction
 z - a potion of mutation
 B - a potion of invisibility {unknown}


   Skills:
 - Level 2.4 Dodging
 - Level 2.4 Stealth
 * Level 11.6 Spellcasting
 + Level 8.1 Conjurations
 + Level 6.8 Air Magic


You had 25 spell levels left.
You knew the following spells:

 Your Spells              Type           Power      Damage    Failure   Level
a - Shock                 Conj/Air       100%       1d9       1%          1
b - Lightning Bolt        Conj/Air       29%        1d46      1%          5

Your spell library contained the following spells:

 Spells                   Type           Power      Damage    Failure   Level
 Apportation              Tloc           36%        N/A       1%          1
 Necrotise                Necr           72%        1d7       1%          1
 Summon Small Mammal      Summ           72%        N/A       1%          1
 Ensorcelled Hibernation  Hex/Ice        36%        N/A       1%          2
 Passwall                 Tmut/Erth      15%        N/A       1%          2
 Static Discharge         Conj/Air       100%       2-7/arc   1%          2
 Swiftness                Air            57%        N/A       1%          3
 Vhi's Electric Charge    Tloc/Air       78%        N/A       1%          3
 Airstrike                Air            28%        2d(5-21)  1%          4
 Arcjolt                  Conj/Air       29%        1d39      1%          5
 Summon Lightning Spire   Summ/Air       39%        N/A       2%          4
 Call Canine Familiar     Summ           18%        N/A       3%          3
 Portal Projectile        Hex/Tloc       36%        N/A       3%          3
 Leda's Liquefaction      Hex/Erth       9%         N/A       11%         4
 Storm Form               Tmut/Air       19%        N/A       89%         7
 Maxwell's Capacitive Co  Air            28%        ∞         98%         8


Dungeon Overview and Level Annotations

Branches:
Dungeon (8/15)             Temple (1/1) D:7            Lair (0/5) D:8
 Bailey (visited)

Altars:
Dithmenos
Kikubaaqudgha
Makhleb
Nemelex Xobeh
Okawaru
Qazlal
Trog
Uskayaw
Vehumet
Wu Jian
Xom
Yredelemnul

Shops:
D:5 (?

Annotations:
D:4 1 runed translucent door, sirJeffrey23's ghost, novice DrFE
D:7 2 transporters, SirDiesAlot's ghost, novice DEFE


Message History

A basilisk comes into view.
You hit the water moccasin.
The water moccasin is lightly wounded.
The water moccasin closely misses you. The water moccasin bites you.
You are poisoned.
The water moccasin poisons you!
The bolt of lightning hits the water moccasin.
The water moccasin is moderately wounded.
You feel very sick.
The water moccasin bites you but does no damage.
You don't have enough magic to cast this spell.
As you read the scroll of teleportation, it crumbles to dust.
You feel strangely unstable.
You feel very sick. The water moccasin barely misses you.
The water moccasin closely misses you.
You hit the water moccasin.
The water moccasin is heavily wounded.
You feel very sick. The water moccasin bites you!
You are more poisoned.
The water moccasin poisons you!
A steam dragon comes into view.
The water moccasin bites you but does no damage.
The steam dragon hisses angrily.
You hit the water moccasin.
The water moccasin is heavily wounded.
You feel very sick. The water moccasin bites you.
* * * LOW HITPOINT WARNING * * *
You are more poisoned.
The water moccasin poisons you! The basilisk misses you.
The water moccasin barely misses you. The basilisk bites you!
* * * LOW HITPOINT WARNING * * *
It was a potion of berserk rage.
A red film seems to cover your vision as you go berserk!
You feel yourself moving faster!
You feel mighty!
* * * LOW HITPOINT WARNING * * *
You feel very sick. The water moccasin bites you.
You die...

#.# *,* #.# *.# *******
#.#**********.### *,,,,,,
#.#,,,,,,,,,,$†.# *,,,,,,
#.#,,,,,,,,,,...# *,,,,,,
#.#,,,,,,,,,,...* *,,,,,,
**#######.###########(#** *,,,,,,
,,...............l....#####.,,,,,
#########.####..@S...D...†..,,,,,
..........# #..#####..#####.,,,,,
###.......# #.## #..# ***,***
###......##*#.# #..# *,*
...........##># #..# *,**
###......#.##.# ###..# **,,**
.........#.##.# #<#.l# ***,,,,,
##.......#,##.# #.#..# **,,,,,,,
#....^..#,*#.#**#.#,,***,,,,,,,,


You could see a basilisk, a steam dragon and a water moccasin.

Vanquished Creatures
  A wyvern (D:6)
  A basilisk (D:8)
  2 water moccasins
  3 orc warriors
  2 sky beasts
  An ice beast (D:8)
  A black bear (D:5)
  2 ogres
  A centaur (D:6)
  A phantom (D:5)
  3 kobold brigands
  A bullfrog (D:8)
  2 howler monkeys
  2 hounds (D:6)
  6 orc priests
  3 jellies
  A gnoll bouda (D:6)
  Jessica (D:3)
  3 iguanas
  4 orc wizards
  Robin (D:4)
  12 gnolls
  9 adders
  An ufetubus (D:4)
  2 worms (D:2)
  23 orcs
  8 ball pythons
  4 bats
  6 endoplasms
  2 giant cockroaches (D:2)
  13 goblins
  11 hobgoblins
  5 jackals
  5 quokkas
  2 frilled lizards
  17 kobolds
  2 rats (D:1)
164 creatures vanquished.

Notes
Turn   | Place    | Note
-------+----------+-------------------------------------------
     0 | D:1      | purpskrrrp the Deep Elf Air Elementalist began the quest
                  | for the Orb.
     0 | D:1      | Reached XP level 1. HP: 10/10 MP: 6/6
   399 | D:1      | Reached XP level 2. HP: 15/15 MP: 6/8
  1429 | D:2      | Reached XP level 3. HP: 19/19 MP: 5/9
  1748 | D:2      | Identified a scroll of acquirement
  1748 | D:2      | Acquired a +1 broad axe of electrocution
  2200 | D:2      | Reached XP level 4. HP: 24/24 MP: 6/10
  2340 | D:2      | Found a faded altar of an unknown god.
  2892 | D:3      | Noticed Jessica
  2894 | D:3      | Killed Jessica
  3283 | D:3      | Found a shadowy altar of Dithmenos.
  3285 | D:3      | Found an ancient bone altar of Kikubaaqudgha.
  3286 | D:3      | Found an iron altar of Okawaru.
  3301 | D:3      | Found a hide-covered altar of Uskayaw.
  3301 | D:3      | Found a sparkling altar of Nemelex Xobeh.
  3413 | D:3      | Acquired the +1 pair of boots "Yfeilaj" {Str+4}
  3451 | D:4      | Reached skill level 4 in Spellcasting
  3451 | D:4      | Reached XP level 5. HP: 28/28 MP: 5/13
  3621 | D:4      | Noticed Robin
  3626 | D:4      | Killed Robin
  3962 | D:4      | Noticed an ogre
  3971 | D:4      | Killed an ogre
  3972 | D:4      | Reached skill level 5 in Spellcasting
  3972 | D:4      | Reached skill level 5 in Conjurations
  3972 | D:4      | Reached XP level 6. HP: 10/32 MP: 2/15
  4331 | D:4      | Found a basalt altar of Yredelemnul.
  4561 | D:4      | Found a runed translucent door.
  4561 | D:4      | Noticed sirJeffrey23's ghost (novice DrFE)
  4778 | D:5      | Entered Level 5 of the Dungeon
  4778 | D:5      | Found Utyak's Magic Scroll Emporium.
  4823 | D:5      | Reached skill level 6 in Spellcasting
  5031 | D:5      | Found Toxkas's Antique Weapon Shop.
  5202 | D:5      | Reached XP level 7. HP: 36/36 MP: 10/18
  5401 | D:5      | Reached skill level 7 in Spellcasting
  5845 | D:5      | Learned a level 5 spell: Lightning Bolt
  6409 | D:6      | Reached skill level 8 in Spellcasting
  6409 | D:6      | Reached skill level 5 in Air Magic
  6708 | D:6      | Reached XP level 8. HP: 41/41 MP: 18/22
  7213 | D:6      | Reached skill level 9 in Spellcasting
  7508 | D:7      | Found a transporter.
  7510 | D:7      | Noticed SirDiesAlot's ghost (novice DEFE)
  7518 | D:7      | Noticed a two-headed ogre
  8208 | D:6      | Reached skill level 10 in Spellcasting
  8909 | D:7      | Reached XP level 9. HP: 45/45 MP: 5/25
  9015 | D:7      | Found a staircase to the Ecumenical Temple.
  9038 | Temple   | Entered the Ecumenical Temple
  9156 | Temple   | Became a worshipper of Vehumet
  9393 | D:7      | Found a transporter.
  9807 | D:8      | Reached skill level 11 in Spellcasting
  9896 | D:8      | Found a flagged portal.
  9913 | Bailey   | Entered a bailey
 10252 | D:8      | HP: 2/67 [poisoned by a water moccasin]
 10252 | D:8      | Slain by a water moccasin

Illustrated notes

Levels and vault maps discovered:
D:1:      lemuel_arrival_tunnels, layout_basic
D:2:      layout_basic, nicolae_ecumenical_lake_church, serial_forest,
          infiniplex_forest_clump_small, infiniplex_forest_clump_small,
          infiniplex_forest_straight_3, infiniplex_forest_straight_1,
          infiniplex_forest_lined_2
D:3:      layout_loops_corners, minmay_overflow_temple_star_hex, uniq_jessica
D:4:      layout_basic, yredelemnul_altar_generic, gammafunk_ghost_grave,
          uniq_robin
D:5:      layout_gridville, serial_shops, kennysheep_mini, abandoned_shop,
          nicolae_stop_n_shop_1
D:6:      layout_basic
D:7:      layout_cave_pools, minmay_temple_entry_offerings,
          gammafunk_ghost_arena
D:8:      layout_basic, mainiacjoe_overflow_24_doors, david_lair_generic,
          lightli_bailey_entry_fortress
Temple:   nicolae_temple_two_arcs

Skill      XL: |  1  2  3  4  5  6  7  8  9 |
---------------+----------------------------+-----
Conjurations   | 2 3 4 5 6 7 8 |  8.1
Spellcasting   | 4 5 6 8 10 11 | 11.6
Air Magic      | 4 5 6 |  6.8
Dodging        | |  2.4
Stealth        | |  2.4

Action                   |  1- 3 |  4- 6 |  7- 9 || total
-------------------------+-------+-------+-------++-------
Melee: Broad axe         |       |     2 |       ||     2
       Mace              |       |       |    67 ||    67
       Punch             |       |       |     1 ||     1
 Cast: Shock             |    84 |   128 |    97 ||   309
       Lightning Bolt    |       |       |    43 ||    43
  Use: Scroll            |     1 |     4 |    19 ||    24
       Potion            |       |       |     7 ||     7
Armor: Robe              |     1 |    11 |    61 ||    73
Dodge: Dodged            |     8 |    18 |    87 ||   113

Table legend: (Time is in decaauts)
 A = Elapsed time spent in this place.
 B = Non-inter-level travel time spent in this place.
 C = Inter-level travel time spent in this place.
 D = Time resting spent in this place.
 E = Time spent auto-exploring this place.
 F = Levels seen in this place.
 G = Mean time per level.
                   A        B        C        D        E       F      G
               +--------+--------+--------+--------+--------+-----+--------+
         Total |  10248 |   9901 |    347 |   2558 |   6327 |  10 | 1024.8 |
       Dungeon |  10040 |   9700 |    340 |   2497 |   6221 |   8 | 1255.0 |
        Temple |    126 |    119 |      7 |      0 |    106 |   1 |  126.0 |
        Bailey |     81 |     81 |      0 |     61 |      0 |   1 |   81.0 |
               +--------+--------+--------+--------+--------+-----+--------+

Top non-repeatable levels by time:
     D:6: 2847 daAuts
     D:1: 1386 daAuts
     D:4: 1338 daAuts
     D:5: 1212 daAuts
     D:2: 1114 daAuts
     D:3: 946 daAuts
     D:7: 789 daAuts
     D:8: 404 daAuts
  Temple: 126 daAuts
  Bailey: 81 daAuts
